 Dungeon Crawl Stone Soup version 0.20.0-15-g7f486f2 (webtiles) character file.

512 4thArraOfDagon the Sneak (level 6, -2/28 HPs)
             Began as a Spriggan Enchanter on June 9, 2017.
             Splashed by a jelly's acid (7 damage)
             ... on level 8 of the Dungeon.
             The game lasted 00:06:15 (1152 turns).

4thArraOfDagon the Sneak (Spriggan Enchanter)       Turns: 1152, Time: 00:06:15

Health: -2/28      AC:  3    Str:  4    XL:     6   Next: 99%
Magic:  6/11       EV: 18    Int: 19    God:
Gold:   151        SH:  0    Dex: 16    Spells: 4/10 levels left

rFire    . . .     SeeInvis +   a - +1 dagger
rCold    + . .     Gourm    .   (shield restricted)
rNeg     . . .     Faith    .   b - +1 robe
rPois    .         Spirit   .   (helmet restricted)
rElec    .         Reflect  .   (no cloak)
rCorr    .         Harm     .   (gloves unavailable)
MR       +....                  (boots unavailable)
Stlth    +++.......             (no amulet)
Regen    0.1/turn               p - ring of protection from cold
MPRegen  0.2/turn               (no ring)

@: very quick
A: unfitting armour, see invisible, herbivore 3, speed 3, slow metabolism 2
a: no special abilities


You were on level 8 of the Dungeon.
You were not hungry.

You visited 1 branch of the dungeon, and saw 9 of its levels.

You collected 151 gold pieces.

Inventory:

Hand Weapons
 a - a +1 dagger (weapon)
 r - the +8 battleaxe of Kerfluffle {protect, MR- Str+6, unknown}
   (You found it on level 5 of the Dungeon)

   It protects the one who uses it against injury (+AC on strike).
   It affects your strength (+6).
   It affects your resistance to hostile enchantments.
Missiles
 m - 5 needles of sleeping
Armour
 b - a +1 robe (worn)
Jewellery
 p - a ring of protection from cold (left hand)
Scrolls
 f - 2 scrolls of remove curse
 g - a scroll of amnesia
 j - a scroll of teleportation {unknown}
 l - a scroll of enchant armour
Potions
 e - a potion of haste {unknown}
 h - a potion of lignification {unknown}
 k - a potion of heal wounds
 n - a potion of curing
 q - 2 potions of berserk rage
Books
 c - a book of Maledictions

   Spells                             Type                      Level
   a - Corona                         Hexes                        1
   b - Ensorcelled Hibernation        Hexes/Ice                    2
   c - Confuse                        Hexes                        3
   d - Tukima's Dance                 Hexes                        3
   e - Dazzling Spray                 Conjuration/Hexes            3
Comestibles
 d - a bread ration
 i - 4 fruits


   Skills:
 * Level 5.4 Short Blades
 + Level 3.3 Dodging
 + Level 6.7 Stealth
 - Level 2.6 Spellcasting
 - Level 5.4 Hexes
 - Level 1.7 Ice Magic


You had 4 spell levels left.
You knew the following spells:

 Your Spells              Type           Power        Failure   Level  Hunger
a - Corona                Hex            ###....      1%          1    None
b - Ensorcelled Hibernat  Hex/Ice        ###...       5%          2    ##.....
c - Confuse               Hex            ###.....     4%          3    ###....


Dungeon Overview and Level Annotations

Branches:
Dungeon (9/15)
 Temple: D:4-7         Lair: D:8-11         Orc: D:9-12

Altars:

Annotations:
D:3 Terence
D:5 Menkaure, Sigmund
D:6 Dowan, Duvessa


Innate Abilities, Weirdness & Mutations

You are very small and have problems with some larger weapons.
You are too small for most types of armour.
You have supernaturally acute eyesight. (SInv)
You are a herbivore.
You cover ground extremely quickly.
You need consume almost no food.


Message History

Unknown command.
Unknown command.
The helpless ooze fails to defend itself.
You perforate the ooze like a sieve!!!
You kill the ooze!
The jelly hits you.
You are splashed with acid!
The acid burns!
* * * LOW HITPOINT WARNING * * *
Unknown command.
Unknown command.
Unknown command.
Unknown command.
The jelly closely misses you.
There is an open door here.
Unknown command.
Unknown command.
Unknown command.
The jelly hits you.
* * * LOW HITPOINT WARNING * * *
You are splashed with acid!
The acid burns!
You die...

#. .. .....# . ##.
####.#... .. #...#.
######.## .....##.
........≈ .##.. #.
#...##.≈##### #.##..##.
#......#.J.# ##.##..##.
#.##..≈JJ#.+ #...#..##.
#..#..@#...# #..>#.....
####....≈##### #...#.....
.........≈######.........
####...).................
##....................
#...............#####
#...............#
/...........#.####
.........#.....#


You could see 3 jellies.

Vanquished Creatures
  An ogre (D:7)
  A necrophage (D:8)
  2 crocodiles
  2 bullfrogs (D:6)
  2 adders
  5 oozes (D:8)
  A leopard gecko (D:3)
  A ball python (D:2)
  A bat skeleton (D:2)
  A giant cockroach (D:5)
  2 hobgoblins
  2 kobolds (D:3)
  A quokka (D:8)
  2 bats (D:2)
  2 frilled lizards
  A rat (D:1)
27 creatures vanquished.

Notes
Turn   | Place    | Note
-------+----------+-------------------------------------------
     0 | D:1      | 4thArraOfDagon the Spriggan Enchanter began the quest for the Orb.
     0 | D:1      | Reached XP level 1. HP: 9/9 MP: 5/5
   128 | D:2      | Reached XP level 2. HP: 12/13 MP: 4/6
   184 | D:3      | Noticed Terence
   311 | D:3      | Learned a level 2 spell: Ensorcelled Hibernation
   667 | D:5      | Entered Level 5 of the Dungeon
   677 | D:5      | Noticed Menkaure
   725 | D:6      | Noticed Duvessa
   726 | D:6      | Noticed Dowan
   763 | D:6      | Noticed a bullfrog
   763 | D:6      | Noticed a bullfrog
   796 | D:6      | Killed a bullfrog
   796 | D:6      | Reached skill level 5 in Stealth
   796 | D:6      | Reached skill level 1 in Ice Magic
   796 | D:6      | Reached XP level 3. HP: 10/16 MP: 5/8
   796 | D:6      | Reached XP level 4. HP: 14/21 MP: 5/9
   801 | D:6      | Learned a level 3 spell: Confuse
   812 | D:6      | Killed a bullfrog
   812 | D:6      | Reached XP level 5. HP: 8/24 MP: 0/10
   821 | D:6      | Noticed a crocodile
   830 | D:6      | Killed a crocodile
   905 | D:5      | Noticed Sigmund
   907 | D:5      | Got a bloodstained battleaxe
   943 | D:7      | Noticed an ogre
   950 | D:7      | Noticed a crocodile
   962 | D:7      | Killed an ogre
   962 | D:7      | Reached skill level 6 in Stealth
   962 | D:7      | Reached skill level 5 in Hexes
   962 | D:7      | Reached XP level 6. HP: 18/28 MP: 2/11
  1037 | D:7      | Noticed a wyvern
  1052 | D:8      | Reached skill level 5 in Short Blades
  1152 | D:8      | Splashed by a jelly's acid

Skill      XL: |  1  2  3  4  5  6 |
---------------+-------------------+-----
Short Blades   | 2 3 4 5 |  5.4
Stealth        | 5 6 |  6.7
Ice Magic      | 1 |  1.7
Hexes          | 4 5 |  5.4
Dodging        | |  3.3
Spellcasting   | |  2.6

Action                   |  1- 3 |  4- 6 || total
-------------------------+-------+-------++-------
Melee: Dagger            |    39 |    14 ||    53
 Cast: Corona            |     2 |       ||     2
       Ensorcelled Hiber |     7 |    11 ||    18
  Use: Potion            |     1 |       ||     1
       Scroll            |       |     7 ||     7
 Stab: Sleeping          |    11 |    13 ||    24
Armor: Robe              |     5 |     2 ||     7
Dodge: Dodged            |    41 |    18 ||    59
